Workbook

Sheet Methodology - editable
A1: These tables are editable - you should review them to ensure they meet your project requirements | C1: LOW RISK | D1: MEDIUM RISK | E1: HIGH RISK
A2: Settings | B2: Weighting | C2: 1 | D2: 3 | E2: 5 | I2: < Raw score*
C3: 0.5 | D3: 0.75 | E3: 1 | I3: < Upper limit*
A4: Cost | B4: 1 | C4: < 5% of program budget | D4: Between 5-15% of program budget | E4: > 15% of program budget | F4: =B4*C2 -> 1 | G4: =B4*D2 -> 3 | H4: =B4*E2 -> 5
B5: 1 | C5: ±10% confidence in estimate | D5: ±25% confidence in estimate | E5: > 25% margin of error assumed in estimate | F5: =B5*C2 -> 1 | G5: =B5*D2 -> 3 | H5: =B5*E2 -> 5
B6: 1 | C6: Costs are fully budgeted or covered by external client | D6: Costs are partially allowed for in the annual budget or financed by the client | E6: Expected costs are neither allowed for in the annual budget nor externally financed | F6: =B6*C2 -> 1 | G6: =B6*D2 -> 3 | H6: =B6*E2 -> 5
A7: Time | B7: 1 | C7: > 3 months | D7: > 6 months | E7: > 6 months to deliver | F7: =B7*C2 -> 1 | G7: =B7*D2 -> 3 | H7: =B7*E2 -> 5
B8: 1 | C8: ± 10% confidence in estimate | D8: ± 25% confidence in estimate | E8: > 25% margin of error assumed in estimate | F8: =B8*C2 -> 1 | G8: =B8*D2 -> 3 | H8: =B8*E2 -> 5
B9: 1 | C9: No fixed deadline for delivery | D9: A preferred (but not mandated) delivery window | E9: Must be delivered on or by a fixed date | F9: =B9*C2 -> 1 | G9: =B9*D2 -> 3 | H9: =B9*E2 -> 5
A10: Scope | B10: 1 | C10: We've delivered five (5) or more times | D10: We've delivered at least once before | E10: We have never successfully delivered a project like this | F10: =B10*C2 -> 1 | G10: =B10*D2 -> 3 | H10: =B10*E2 -> 5
A11: Impact | B11: 1 | C11: Will noticeably impact one (1) department in our organization | D11: Will noticeably impact several departments in our organization | E11: Will noticeably impact most or all of our organization | F11: =B11*C2 -> 1 | G11: =B11*D2 -> 3 | H11: =B11*E2 -> 5
B12: 1 | C12: No major subsequent dependencies | D12: Some major subsequent dependencies | E12: Several major subsequent dependencies | F12: =B12*C2 -> 1 | G12: =B12*D2 -> 3 | H12: =B12*E2 -> 5
B13: 1 | C13: No employee or public health and/or safety risks | D13: Employees and/or the public may be at risk of minor injury or illness during project delivery | E13: Employees and/or the public may be at risk of serious injury, illness or loss of life during project delivery | F13: =B13*C2 -> 1 | G13: =B13*D2 -> 3 | H13: =B13*E2 -> 5
B14: 1 | C14: Outcomes will fulfil one (1) strategic objective of our organization | D14: Outcomes will fulfil several strategic objectives of our organization | E14: Outcomes will fulfil most or all of the strategic objectives of our organization | F14: =B14*C2 -> 1 | G14: =B14*D2 -> 3 | H14: =B14*E2 -> 5
A15: Stakeholders | B15: 1 | C15: Can be fully delivered by our current staff | D15: Work will need to be shared with proven, existing partners | E15: Will depend on collaboration with new and/or unknown partners | F15: =B15*C2 -> 1 | G15: =B15*D2 -> 3 | H15: =B15*E2 -> 5
B16: 1 | C16: Only of internal interest to our organization | D16: Sly to be some community interest in the project and/or its outcomes | E16: Will be highly visible in the community | F16: =B16*C2 -> 1 | G16: =B16*D2 -> 3 | H16: =B16*E2 -> 5
A17: Definitions | H17: =SUM(H4:H16) -> 65
A18: Raw score | B18: The weighting assigned to a risk. If you want high risks to be more extremely weighted, assign a proportionately higher score to the high risk category.
A19: Upper limit | B19: The point at which a risk converts from low to medium and medium to high. A high score for low and medium means the organisation has a high tolerance for (or willingness to take on) risk. The high risk score is locked at 100%.

Sheet Calculator
A1: PROJECT PROFILE TOOL
A2: Project name: | D2: Notes
B3: Use the dropdown menus to select the relevant risks
A4: ='Methodology - editable'!A4 -> Cost | B4: > 15% of program budget | C4: =IF(B4='Methodology - editable'!C4,'Methodology - editable'!F4,IF(B4='Methodology - editable'!D4,'Methodology - editable'!G4,IF(B4='Methodology - editable'!E4,'Methodology - editable'!H4))) -> 5
B5: > 25% margin of error assumed in estimate | C5: =IF(B5='Methodology - editable'!C5,'Methodology - editable'!F5,IF(B5='Methodology - editable'!D5,'Methodology - editable'!G5,IF(B5='Methodology - editable'!E5,'Methodology - editable'!H5))) -> 5
B6: Expected costs are neither allowed for in the annual budget nor externally financed | C6: =IF(B6='Methodology - editable'!C6,'Methodology - editable'!F6,IF(B6='Methodology - editable'!D6,'Methodology - editable'!G6,IF(B6='Methodology - editable'!E6,'Methodology - editable'!H6))) -> 5
A7: ='Methodology - editable'!A7 -> Time | B7: > 6 months to deliver | C7: =IF(B7='Methodology - editable'!C7,'Methodology - editable'!F7,IF(B7='Methodology - editable'!D7,'Methodology - editable'!G7,IF(B7='Methodology - editable'!E7,'Methodology - editable'!H7))) -> 5
B8: > 25% margin of error assumed in estimate | C8: =IF(B8='Methodology - editable'!C8,'Methodology - editable'!F8,IF(B8='Methodology - editable'!D8,'Methodology - editable'!G8,IF(B8='Methodology - editable'!E8,'Methodology - editable'!H8))) -> 5
B9: Must be delivered on or by a fixed date | C9: =IF(B9='Methodology - editable'!C9,'Methodology - editable'!F9,IF(B9='Methodology - editable'!D9,'Methodology - editable'!G9,IF(B9='Methodology - editable'!E9,'Methodology - editable'!H9))) -> 5
A10: ='Methodology - editable'!A10 -> Scope | B10: We have never successfully delivered a project like this | C10: =IF(B10='Methodology - editable'!C10,'Methodology - editable'!F10,IF(B10='Methodology - editable'!D10,'Methodology - editable'!G10,IF(B10='Methodology - editable'!E10,'Methodology - editable'!H10))) -> 5
A11: ='Methodology - editable'!A11 -> Impact | B11: Will noticeably impact most or all of our organization | C11: =IF(B11='Methodology - editable'!C11,'Methodology - editable'!F11,IF(B11='Methodology - editable'!D11,'Methodology - editable'!G11,IF(B11='Methodology - editable'!E11,'Methodology - editable'!H11))) -> 5
B12: Several major subsequent dependencies | C12: =IF(B12='Methodology - editable'!C12,'Methodology - editable'!F12,IF(B12='Methodology - editable'!D12,'Methodology - editable'!G12,IF(B12='Methodology - editable'!E12,'Methodology - editable'!H12))) -> 5
B13: Employees and/or the public may be at risk of serious injury, illness or loss of life during project delivery | C13: =IF(B13='Methodology - editable'!C13,'Methodology - editable'!F13,IF(B13='Methodology - editable'!D13,'Methodology - editable'!G13,IF(B13='Methodology - editable'!E13,'Methodology - editable'!H13))) -> 5
B14: Outcomes will fulfil most or all of the strategic objectives of our organization | C14: =IF(B14='Methodology - editable'!C14,'Methodology - editable'!F14,IF(B14='Methodology - editable'!D14,'Methodology - editable'!G14,IF(B14='Methodology - editable'!E14,'Methodology - editable'!H14))) -> 5
A15: ='Methodology - editable'!A15 -> Stakeholders | B15: Will depend on collaboration with new and/or unknown partners | C15: =IF(B15='Methodology - editable'!C15,'Methodology - editable'!F15,IF(B15='Methodology - editable'!D15,'Methodology - editable'!G15,IF(B15='Methodology - editable'!E15,'Methodology - editable'!H15))) -> 5
B16: Will be highly visible in the community | C16: =IF(B16='Methodology - editable'!C16,'Methodology - editable'!F16,IF(B16='Methodology - editable'!D16,'Methodology - editable'!G16,IF(B16='Methodology - editable'!E16,'Methodology - editable'!H16))) -> 5
A17: THIS PROJECT IS: | B17: =IF(C17<='Methodology - editable'!C3,'Methodology - editable'!C1,IF(C17<='Methodology - editable'!D3,'Methodology - editable'!D1,IF(C17<='Methodology - editable'!E3,'Methodology - editable'!E1))) -> HIGH RISK | C17: =SUM(C4:C16)/'Methodology - editable'!H17 -> 1
